 Dungeon Crawl Stone Soup version 0.22.1-2-g9c5b331383 (webtiles) character file.

185 Descartes the Insei (level 5, -8/25 HPs)
             Began as a Vine Stalker Transmuter on Dec 24, 2018.
             Killed from afar by an orc wizard (10 damage)
             ... with a puff of frost
             ... on level 4 of the Dungeon.
             The game lasted 00:10:14 (3475 turns).

Descartes the Insei (Vine Stalker Transmuter)       Turns: 3475, Time: 00:10:15

Health: -8/25      AC:  2    Str: 12    XL:     5   Next: 64%
Magic:  0/27       EV: 12    Int: 14    God:
Gold:   238        SH:  7    Dex: 15    Spells: 6/8 levels left

rFire    . . .     SeeInvis .     - Unarmed
rCold    . . .     Gourm    .   w - +2 buckler
rNeg     . . .     Faith    .   b - +0 robe
rPois    .         Spirit   +   (no helmet)
rElec    .         Reflect  .   (no cloak)
rCorr    .         Harm     .   (no gloves)
MR       .....                  (no boots)
Stlth    +.........             (no amulet)
HPRegen  0.48/turn              f - ring of magical power
MPRegen  0.20/turn              v - ring of magical power

@: no status effects
A: fangs 2, regeneration 1, magic shield, antimagic bite, no potion heal 3, rot
immunity
a: no special abilities


You were on level 4 of the Dungeon.
You were not hungry.

You visited 1 branch of the dungeon, and saw 4 of its levels.

You collected 238 gold pieces.

Inventory:

Missiles
 a - 12 arrows
 h - 13 poisoned needles (quivered)
 j - 2 javelins
 u - 4 tomahawks
Armour
 b - a +0 robe (worn)
 c - a +0 shield
 w - a +2 buckler (worn)
Jewellery
 f - a ring of magical power (left hand)
 s - a +3 ring of slaying
 v - a ring of magical power (right hand)
Scrolls
 e - 3 scrolls of remove curse
 g - a scroll of fear {unknown}
 i - 2 scrolls of teleportation {unknown}
 m - a scroll of amnesia {unknown}
 o - a scroll of magic mapping {unknown}
Potions
 k - a potion of curing
 l - a potion of berserk rage {unknown}
 p - 2 potions of brilliance
 q - 2 potions of agility
 r - a potion of might {unknown}
 t - 3 potions of flight
 x - a potion of lignification {unknown}
Comestibles
 d - 9 rations
 n - 3 chunks of flesh


   Skills:
 - Level 0.8 Fighting
 - Level 1.5 Dodging
 + Level 3.5 Shields
 * Level 4.3 Unarmed Combat
 - Level 2.1 Spellcasting
 + Level 2.3 Transmutations


You had 6 spell levels left.
You knew the following spells:

 Your Spells              Type           Power        Failure   Level  Hunger
a - Beastly Appendage     Tmut           #.....       10%         1    #......
b - Sting                 Conj/Pois      #...         24%         1    #......

Your spell library contained the following spells:

 Spells                   Type           Power        Failure   Level  Hunger
 Sticks to Snakes         Tmut           #.......     14%         2    ###....
 Spider Form              Tmut/Pois      #.........   41%         3    ###....
 Ice Form                 Ice/Tmut       #.......     83%         4    #####..
 Blade Hands              Tmut           #.........   95%         5    ######.


Dungeon Overview and Level Annotations

Branches:
Dungeon (4/15)
 Temple: D:4-7

Altars:
Vehumet


Innate Abilities, Weirdness & Mutations

You have extremely sharp teeth.
Your natural rate of healing is unusually fast.
When hurt, damage is shared between your health and your magic reserves.
Your bite disrupts and absorbs the magic of your enemies.
Potions cannot restore your health.
You are immune to rotting.


Message History

You hit the orc wizard but do no damage.
The orc wizard is moderately wounded.
The orc wizard completely misses you. The orc wizard closely misses you.
You hit the orc wizard.
You bite the orc wizard, but do no damage.
The orc wizard is moderately wounded.
The orc wizard casts a spell at you. The magic dart hits you!
* * * LOW HITPOINT WARNING * * *
You punch the orc wizard!
The orc wizard is severely wounded.
You block the orc wizard's attack.
The orc wizard gestures at you while chanting.
The puff of flame misses you.
You completely miss the orc wizard.
You bite the orc wizard, but do no damage.
The orc wizard is severely wounded.
The orc wizard gestures at you while chanting.
The puff of frost hits you!
You die...

#...######..##
#....'.......#
#....#.......#
######...##..##..##
#...##...#########
#.............#
#.............#
#..........o..#
#...........@.#
#.............# ##
#...##'#####+##
.####...##...###
.'.............#
.#.............#
###.##..##.....#
##########....## #
#.......##....###.##


You could see an orc wizard.

Vanquished Creatures
  A worker ant (D:4)
  A gnoll (D:1)
  8 adders
  An ooze (D:3)
  An adder skeleton (D:4)
  2 worms
  3 dart slugs
  A leopard gecko (D:4)
  4 orcs
  4 bats
  7 goblins
  11 hobgoblins
  A ball python (D:2)
  4 frilled lizards
  A jackal skeleton (D:4)
  5 kobolds
  8 rats
63 creatures vanquished.

Notes
Turn   | Place    | Note
-------+----------+-------------------------------------------
     0 | D:1      | Descartes the Vine Stalker Transmuter began the quest for
                  | the Orb.
     0 | D:1      | Reached XP level 1. HP: 9/9 MP: 4/4
   334 | D:1      | Reached skill level 1 in Shields
   334 | D:1      | Reached XP level 2. HP: 4/14 MP: 3/6
   857 | D:1      | Reached XP level 3. HP: 4/17 MP: 1/7
  1945 | D:2      | Found a faded altar of an unknown god.
  1980 | D:2      | Gained mutation: Your natural rate of healing is unusually
                  | fast. [Vine Stalker growth]
  1980 | D:2      | Reached XP level 4. HP: 6/21 MP: 5/8
  1992 | D:2      | Became a worshipper of Vehumet
  1992 | D:2      | Reached * piety under Vehumet
  1992 | D:2      | Offered knowledge of Sting by Vehumet.
  2020 | D:2      | Learned a level 1 spell: Sting
  2020 | D:2      | Fell from the grace of Vehumet
  2671 | D:3      | Reached XP level 5. HP: 19/25 MP: 9/9
  2768 | D:3      | Reached skill level 4 in Unarmed Combat
  3473 | D:4      | HP: 1/25 [orc wizard/magic dart (4)]
  3475 | D:4      | Killed from afar by an orc wizard

Skill      XL: |  1  2  3  4  5 |
---------------+----------------+-----
Shields        | 1 2 3 |  3.5
Unarmed Combat | 4 |  4.3
Fighting       | |  0.8
Dodging        | |  1.5
Spellcasting   | |  2.1
Transmutations | |  2.3

Action                   |  1- 3 |  4- 6 || total
-------------------------+-------+-------++-------
Melee: Unarmed           |   130 |   145 ||   275
       Bite              |    26 |    43 ||    69
Invok: Renounce Religion |       |     1 ||     1
  Use: Scroll            |       |     5 ||     5
 Stab: Sleeping          |       |     1 ||     1
  Eat: Chunk             |     3 |     5 ||     8
Armor: Robe              |    15 |    14 ||    29
Dodge: Dodged            |    44 |    43 ||    87
Block: Shield            |    59 |    34 ||    93
       Buckler           |       |    15 ||    15
